 Dungeon Crawl Stone Soup version 0.29-a0-819-g94b489e0ae (webtiles) character file.

Game seed: 6947905061408201633

83732 Morbidden the Slicer (level 15, -2/77 HPs)
             Began as a Vine Stalker Brigand on July 5, 2022.
             Was a High Priest of Vehumet.
             Shot with an arrow by Nessos (4 damage)
             ... on level 15 of the Dungeon on July 6, 2022.
             The game lasted 01:09:04 (24279 turns).

Morbidden the Slicer (Vine Stalker Brigand)        Turns: 24279, Time: 01:09:05

Health: -2/77      AC:  9    Str: 16    XL:     15   Next: 78%
Magic:  0/29       EV: 20    Int: 26    God:    Vehumet [*****.]
Gold:   4235       SH:  7    Dex: 30    Spells: 4/32 levels left

rFire   . . .      SeeInvis .   a - +11 dagger of the Sneaky Orbs {vorpal, Str+2 Dex+7}
rCold   . . .      Faith    .   B - +0 buckler
rNeg    . . .      Spirit   +   L - +1 robe of Vines {NoPotionHeal Regen++++}
rPois   .          Reflect  .   t - +1 helmet {Int+3}
rElec   .          Harm     .   A - +2 cloak
rCorr   .          Rampage  .   y - +0 pair of gloves
Will    +....                   (no boots)
Stlth   +++++.....              E - amulet of regeneration
HPRegen 5.02/turn               f - +6 ring of intelligence
MPRegen 0.21/turn               r - +6 ring of dexterity

@: lethally poisoned (-2 -> -7)
A: fangs 3, regeneration 1, magic shield, antimagic bite, no potion heal 2
a: Renounce Religion


You were on level 15 of the Dungeon.
You worshipped Vehumet.
Vehumet was extremely pleased with you.
You visited 3 branches of the dungeon, and saw 22 of its levels.
You also visited: Bailey, Gauntlet and Volcano.

You collected 4833 gold pieces.
You spent 598 gold pieces at shops.

Inventory:

Hand Weapons
 a - the +11 dagger of the Sneaky Orbs (weapon) {vorpal, Str+2 Dex+7}
   (You found it on level 4 of the Lair of Beasts)

   It inflicts extra damage upon your enemies.
   Str:       It affects your strength (+2).
   Dex:       It affects your dexterity (+7).
 P - a +4 scimitar of flaming
 X - a +2 dagger of electrocution
Missiles
 c - 18 boomerangs (quivered)
 e - 13 curare-tipped darts
 w - 4 javelins
 G - 59 poisoned darts
 I - a silver boomerang
 U - 3 silver javelins
 Y - 3 throwing nets
Armour
 o - a +1 helmet of see invisible
 t - a +1 helmet of intelligence (worn)
 y - a +0 pair of gloves (worn)
 A - a +2 cloak (worn)
 B - a +0 buckler (worn)
 L - the +1 robe of Vines (worn) {NoPotionHeal Regen++++}
   (You found it in a Gauntlet)

   Its wearer cannot be healed by potions.
   Regen:     It increases your rate of health regeneration.
 W - the +2 scale mail of Indecent Exposure {Str+4 Int+3 SInv}
   (You bought it in a shop on level 10 of the Dungeon)

   Str:       It affects your strength (+4).
   Int:       It affects your intelligence (+3).
   SInv:      It lets you see invisible.
Jewellery
 b - a +6 ring of intelligence
 d - a ring of ice
 f - a +6 ring of intelligence (left hand)
 r - a +6 ring of dexterity (right hand)
 E - an amulet of regeneration (around neck)
 Z - a +4 ring of evasion
Wands
 H - a wand of flame (11)
 J - a wand of mindburst (6)
 O - a wand of digging (5)
 R - a wand of iceblast (24)
 T - a wand of light (2)
Scrolls
 g - 10 scrolls of identify
 h - 3 scrolls of magic mapping
 j - 15 scrolls of teleportation
 l - 5 scrolls of immolation
 n - 2 scrolls of poison
 s - 4 scrolls of blinking
 u - a scroll of silence
 v - 3 scrolls of brand weapon
 x - 3 scrolls of fog
 C - a scroll of summoning
 D - 3 scrolls of enchant armour
 K - a scroll of enchant weapon
Potions
 i - 4 potions of magic
 k - 4 potions of haste
 m - 11 potions of curing
 p - 3 potions of mutation
 q - a potion of berserk rage
 z - a potion of resistance
 F - a potion of invisibility
 M - 2 potions of might
Miscellaneous
 N - a box of beasts
 Q - a condenser vane
 S - a tin of tremorstones (inert)
 V - a phantom mirror (inert)


   Skills:
 * Level 7.9 Fighting
 * Level 9.9(10.8) Short Blades
 * Level 6.7(9.3) Long Blades
 + Level 0.7 Ranged Weapons
 + Level 5.5 Throwing
 + Level 0.9 Armour
 * Level 8.0 Dodging
 + Level 8.9 Stealth
 + Level 3.2 Shields
 * Level 9.2 Spellcasting
 * Level 7.3 Conjurations
 * Level 5.2 Translocations
 * Level 7.1 Transmutations
 * Level 5.1 Fire Magic
 * Level 8.1 Earth Magic
 + Level 3.5 Poison Magic
 * Level 7.3 Evocations


You had 4 spell levels left.
You knew the following spells:

 Your Spells              Type           Power      Damage    Failure   Level
a - Stone Arrow           Conj/Erth      100%       3d13      1%          3
b - Fireball              Conj/Fire      22%        3d10      4%          5
c - Iron Shot             Conj/Erth      25%        9d5       11%         6
s - Statue Form           Tmut/Erth      34%        N/A       41%         6
x - Olgreb's Toxic Radia  Pois           30%        N/A       4%          4
z - Iskenderun's Mystic   Conj/Tloc      44%        2d10      1%          4

Your spell library contained the following spells:

 Spells                   Type           Power      Damage    Failure   Level
 Eringya's Noxious Bog    Tmut/Pois      19%        N/A       28%         6
 Foxfire                  Conj/Fire      100%       2x1d9     1%          1
 Conjure Flame            Conj/Fire      44%        6-21      1%          3
 Dazzling Flash           Conj/Hex       62%        N/A       1%          3
 Ignite Poison            Fire/Tmut/Pois 39%        N/A       1%          3
 Inner Flame              Hex/Fire       25%        N/A       1%          3
 Flame Wave               Conj/Fire      44%        2d10      1%          4
 Sticky Flame             Conj/Fire      44%        2d6       1%          4
 Petrify                  Tmut/Erth      51%        N/A       2%          4
 Summon Small Mammal      Summ           44%        N/A       7%          1
 Passage of Golubria      Tloc           39%        N/A       8%          4
 Animate Armour           Summ/Erth      66%        N/A       12%         4
 Call Canine Familiar     Summ           11%        N/A       21%         3
 Summon Guardian Golem    Hex/Summ       11%        N/A       21%         3
 Tukima's Dance           Hex            11%        N/A       21%         3
 Iskenderun's Battlesphe  Conj           50%        2d10      2%          5
 Yara's Violent Unravell  Hex/Tmut       15%        3d8       11%         5
 Conjure Ball Lightning   Conj/Air       15%        3x3d6     47%         6
 Orb of Destruction       Conj           25%        9d9       54%         7
 Agony                    Necr           11%        N/A       88%         5
 Metabolic Englaciation   Hex/Ice        5%         N/A       88%         5
 Silence                  Hex/Air        5%         N/A       88%         5
 Lehudib's Crystal Spear  Conj/Erth      25%        10d7      98%         8


Dungeon Overview and Level Annotations

Branches:
Dungeon (15/15)            Temple (1/1) D:7            Lair (6/6) D:8
 Shoals (0/4) Lair:3       Spider (0/4) Lair:2        Slime (0/5) Lair:6
    Orc (0/2) D:11         Vaults (0/5) D:13         Bailey (visited)
Volcano (visited)         Gauntlet (visited)
 Depths: D:15

Altars:
Ashenzari
Cheibriados
Dithmenos
Elyvilon
Fedhas
Gozag
Hepliaklqana
Kikubaaqudgha
Makhleb
Nemelex Xobeh
Okawaru
Qazlal
Ru
Sif Muna
Trog
Uskayaw
Vehumet
Wu Jian
Xom
Yredelemnul
Zin
The Shining One

Shops:
D:4 *   D:10 [   D:11 :

Annotations:
D:10 2 runed translucent doors, zebulonius's ghost, novice MiBe
D:14 3 runed translucent doors, Boig's ghost, journeyman GrFi
D:15 Nessos


Innate Abilities, Weirdness & Mutations

You have razor-sharp teeth.
Your natural rate of healing is unusually fast.
When hurt, damage is shared between your health and your magic reserves.
Your bite disrupts and absorbs the magic of your enemies.
Potions cannot restore your health.


Message History

Unknown command.
Unknown command.
Unknown command.
Unknown command.
Unknown command.
Unknown command.
Unknown command.
Unknown command.
Casting: Olgreb's Toxic Radiance (dangerous; 4% risk of failure)
Confirm with . or Enter, or press ? or * to list all spells.
Your toxic radiance grows in intensity.
You feel extremely sick.
Nessos shoots an arrow.
The arrow hits you!
* * * LOW HITPOINT WARNING * * *
The arrow burns you.
* * * LOW HITPOINT WARNING * * *
Unknown command.
Unknown command.
Unknown command.
Unknown command.
Unknown command.
Unknown command.
Unknown command.
Unknown command.
You feel extremely sick.
There is a stone staircase leading up, spattered with blood here.
Unknown command.
Unknown command.
You start resting.
Your toxic aura wanes.
You feel extremely sick.
Unknown command.
Unknown command.
You feel very sick.
Nessos shoots an arrow.
The arrow barely misses you.
Nessos shoots an arrow.
The arrow hits you!
* * * LOW HITPOINT WARNING * * *
The arrow burns you.
You are lethally poisoned!
You die...

#.# #.################
.................#####.....
........≈........#........≈
........≈≈.[.....#.§....≈≈≈
.........≈.......#....c.≈≈≈
.............≈...#.......≈≈
..........≈......#.........
#....#....≈.....@#.......#
.)...#...........).c..#
))...............##...#
...........####.###...#
...........# #.# .####
)..........# #.# #
.......≈...# #.#
...........# #.#
...........# ..#


You could see Nessos (fast, very poisoned).

Vanquished Creatures
  Jorgrun (D:14)
  Gastronok (D:9)
  A dire elephant (Lair:6)
  A minotaur (Gauntlet)
  Snorg (D:11)
  Josephine (D:14)
  A rakshasa (D:13)
  5 hydras
  5 boulder beetles
  Erica (D:9)
  A catoblepas (Lair:3)
  An alligator (shapeshifter) (D:13)
  3 centaur warriors
  3 death yaks (Lair:6)
  Nergalle (D:11)
  Sonja (Lair:2)
  A sixfirhy (Gauntlet)
  4 skeletal warriors
  A necromancer (Gauntlet)
  8 lindwurms
  A deep elf pyromancer (D:13)
  2 ugly things
  3 manticores
  4 cyclopes
  7 elephants
  Joseph (D:9)
  A molten gargoyle (Volcano)
  5 black mambas
  A black mamba (shapeshifter) (D:13)
  A gargoyle (D:12)
  Psyche (D:10)
  13 cane toads
  2 efreet (Volcano)
  3 rime drakes
  3 kobold demonologists
  10 komodo dragons
  A troll (shapeshifter) (D:13)
  A hornet (D:9)
  2 trolls
  Grinder (D:6)
  3 meliai (D:15)
  17 polar bears
  Prince Ribbit (D:6)
  A tarantella (shapeshifter) (D:13)
  6 raiju (Lair:6)
  5 slime creatures (D:14)
  6 dream sheep (Lair:6)
  15 blink frogs
  A snapping turtle (Lair:3)
  A water elemental (D:11)
  2 shadows
  A jumping spider (Lair:2)
  A vampire (D:11)
  6 wraiths
  2 culicivoras (Lair:2)
  A wyvern (Lair:4)
  2 fire elementals (Volcano)
  50 yaks
  4 basilisks
  6 fire bats
  A steam dragon (D:8)
  9 vampire mosquitoes
  2 redbacks (Lair:2)
  4 wargs (Lair:6)
  3 acid dragons
  13 water moccasins
  12 hell hounds
  12 orc warriors
  3 ice beasts
  A hornet zombie (D:6)
  20 black bears
  3 ogres
  37 wolves
  7 centaurs
  3 phantoms
  9 kobold brigands
  11 bullfrogs
  2 necrophages
  A gnoll sergeant (D:9)
  A scorpion (D:4)
  5 earth elementals (Volcano)
  10 wights
  8 killer bees
  A howler monkey (D:5)
  3 electric eels (D:8)
  2 lava snakes (D:13)
  A bullfrog zombie (D:6)
  3 jellies
  5 hounds
  7 orc priests
  A gnoll bouda (D:10)
  Ijyb (D:4)
  8 iguanas
  13 orc wizards
  Robin (D:3)
  12 gnolls
  4 adders
  A shadow imp (D:5)
  2 white imps
  5 ufetubi
  2 worms
  68 orcs
  7 endoplasms
  2 giant cockroaches
  15 goblins
  8 hobgoblins
  4 jackals (D:5)
  6 quokkas
  6 ball pythons
  5 bats
  7 frilled lizards
  25 kobolds
  5 rats
  A fire vortex (D:13)
644 creatures vanquished.

Vanquished Creatures (collateral kills)
  A centaur warrior (D:14)
  A skeletal warrior (D:14)
  A lindwurm (Lair:6)
  A cyclops (D:14)
  A troll (D:14)
  A slime creature (D:14)
  An electric eel (D:11)
  An orc priest (D:11)
  3 kobolds (Bailey)
11 creatures vanquished.

Vanquished Creatures (others)
  A kobold brigand (Bailey)
  An orc (D:4)
  19 fungi
  38 plants
  4 withered plants (Gauntlet)
63 creatures vanquished.

Grand Total: 718 creatures vanquished

Notes
Turn   | Place    | Note
-------+----------+-------------------------------------------
     0 | D:1      | Morbidden the Vine Stalker Brigand began the quest for the
                  | Orb.
     0 | D:1      | Reached XP level 1. HP: 11/11 MP: 2/2
   211 | D:1      | Reached skill level 5 in Stealth
   527 | D:1      | Reached XP level 2. HP: 14/15 MP: 1/3
   528 | D:1      | Reached skill level 1 in Dodging
   909 | D:1      | Found a faded altar of an unknown god.
  1096 | D:2      | Reached XP level 3. HP: 18/18 MP: 4/4
  2071 | D:3      | Found a stormy altar of Qazlal.
  2085 | D:3      | Noticed Robin
  2106 | D:3      | Gained mutation: Your natural rate of healing is unusually
                  | fast. [Vine Stalker growth]
  2106 | D:3      | Reached XP level 4. HP: 18/23 MP: 2/5
  2125 | D:3      | Killed Robin
  2170 | D:3      | Reached skill level 1 in Spellcasting
  2255 | D:3      | Found a white marble altar of Elyvilon.
  2972 | D:4      | Noticed a black bear
  2983 | D:4      | Killed a black bear
  2984 | D:4      | Reached XP level 5. HP: 19/27 MP: 4/8
  3089 | D:4      | Reached XP level 6. HP: 32/32 MP: 9/9
  3256 | D:4      | Found Meni's Overcharged Wands.
  3384 | D:4      | Noticed Ijyb
  3387 | D:4      | Found a shadowy altar of Dithmenos.
  3403 | D:4      | Killed Ijyb
  3417 | D:4      | Learned a level 3 spell: Stone Arrow
  3741 | D:5      | Entered Level 5 of the Dungeon
  3862 | D:4      | Reached skill level 1 in Earth Magic
  4019 | D:5      | Reached XP level 7. HP: 30/35 MP: 10/10
  4041 | D:5      | Reached skill level 1 in Evocations
  4595 | D:5      | Reached skill level 1 in Conjurations
  4595 | D:5      | Gained mutation: You have razor-sharp teeth. [Vine Stalker
                  | growth]
  4595 | D:5      | Reached XP level 8. HP: 36/40 MP: 10/12
  5078 | D:6      | Noticed Grinder
  5105 | D:6      | Found a broken altar of Ashenzari.
  5109 | D:6      | Found a sacrificial altar of Ru.
  5233 | D:6      | Noticed Prince Ribbit
  5249 | D:6      | Killed Prince Ribbit
  5250 | D:6      | Reached skill level 5 in Short Blades
  5283 | D:6      | Found an opulent altar of Gozag.
  5287 | D:6      | Found a snail-covered altar of Cheibriados.
  5296 | D:6      | Upgraded the game from 0.29-a0-816-g82769f0e0c to
                  | 0.29-a0-819-g94b489e0ae
  5597 | D:6      | Reached XP level 9. HP: 45/45 MP: 11/15
  5687 | D:6      | Found a basalt altar of Yredelemnul.
  6231 | D:6      | Killed Grinder
  6362 | D:7      | Found a shimmering altar of Xom.
  6364 | D:7      | Found a shimmering altar of Xom.
  6365 | D:7      | Found a shimmering altar of Xom.
  6367 | D:7      | Found a shimmering altar of Xom.
  6367 | D:7      | Found a shimmering altar of Xom.
  6367 | D:7      | Found a shimmering altar of Xom.
  6570 | D:7      | Found a staircase to the Ecumenical Temple.
  6597 | Temple   | Entered the Ecumenical Temple
  6734 | D:7      | Found an ancient bone altar of Kikubaaqudgha.
  6734 | D:7      | Found a blossoming altar of Fedhas.
  7037 | D:7      | Reached skill level 1 in Long Blades
  7231 | D:7      | Reached XP level 10. HP: 51/51 MP: 17/17
  7397 | D:7      | Found an iron altar of Okawaru.
  7397 | D:7      | Found a glowing silver altar of Zin.
  7400 | D:7      | Found a radiant altar of Vehumet.
  7580 | D:7      | Became a worshipper of Vehumet
  7666 | D:7      | Learned a level 6 spell: Statue Form
  7681 | D:8      | Found a flagged portal.
  7693 | Bailey   | Entered a bailey
  8010 | Bailey   | Reached skill level 1 in Transmutations
  8027 | Bailey   | Reached skill level 5 in Fighting
  8088 | Bailey   | Found a burning altar of Makhleb.
  8144 | D:8      | Reached * piety under Vehumet
  8144 | D:8      | Offered knowledge of Sandblast by Vehumet.
  8369 | D:8      | Reached skill level 5 in Dodging
  8703 | D:8      | Found a staircase to the Lair.
  8850 | D:9      | Found a burning altar of Makhleb.
  8878 | D:9      | Offered knowledge of Freeze by Vehumet.
  8886 | D:9      | Reached ** piety under Vehumet
  8968 | D:9      | Noticed Gastronok
  9106 | D:9      | Killed Gastronok
  9107 | D:9      | Reached skill level 5 in Spellcasting
  9107 | D:9      | Reached XP level 11. HP: 56/56 MP: 19/19
  9464 | D:9      | Identified the amulet of Tiosiu {Acrobat SInv}
  9502 | D:9      | Noticed Erica
  9530 | D:9      | Killed Erica
  9704 | D:9      | Noticed Joseph
  9731 | D:9      | Killed Joseph
  9915 | D:10     | Entered Level 10 of the Dungeon
 10028 | D:10     | Found a runed translucent door.
 10033 | D:10     | Noticed a deep elf zephyrmancer
 10035 | D:10     | Noticed a necromancer
 10036 | D:10     | Noticed a lich
 10037 | D:10     | Noticed a death knight
 10038 | D:10     | Noticed zebulonius's ghost (novice MiBe)
 10042 | D:10     | Found a runed translucent door.
 10343 | D:10     | Noticed Psyche
 10348 | D:10     | Killed Psyche
 10348 | D:10     | Offered knowledge of Searing Ray by Vehumet.
 10371 | D:10     | Found an ornate altar of the Wu Jian Council.
 10518 | D:10     | Found Zetyep's Armour Shoppe.
 10521 | D:10     | Bought the +2 scale mail of Indecent Exposure {Str+4 Int+3
                  | SInv} for 598 gold pieces
 10981 | D:11     | Found Mytzi's Book Shoppe.
 10982 | D:11     | Identified a scroll of acquirement
 10982 | D:11     | Acquired 1103 gold pieces
 11078 | D:11     | Noticed Snorg
 11105 | D:11     | Killed Snorg
 11127 | D:11     | Found a gate leading to a gauntlet.
 11130 | D:11     | Noticed Nergalle
 11135 | Gauntlet | Entered a Gauntlet
 11135 | Gauntlet | Found a transporter.
 11135 | Gauntlet | Found a transporter.
 11135 | Gauntlet | Found a transporter.
 11136 | Gauntlet | Noticed a sixfirhy
 11214 | Gauntlet | Found a transporter.
 11215 | Gauntlet | Found a transporter.
 11218 | Gauntlet | Found a transporter.
 11220 | Gauntlet | Noticed a necromancer
 11226 | Gauntlet | Found a transporter.
 11227 | Gauntlet | Found a transporter.
 11228 | Gauntlet | Found a transporter.
 11229 | Gauntlet | Found a transporter.
 11229 | Gauntlet | Noticed a wolf spider
 11236 | Gauntlet | Noticed an entropy weaver
 11237 | Gauntlet | Found a transporter.
 11237 | Gauntlet | Found a transporter.
 11247 | Gauntlet | Noticed a hell hog
 11421 | Gauntlet | Killed a sixfirhy
 11422 | Gauntlet | Reached skill level 5 in Earth Magic
 11463 | Gauntlet | Killed a necromancer
 11463 | Gauntlet | Reached *** piety under Vehumet
 11464 | Gauntlet | Reached XP level 12. HP: 60/60 MP: 21/21
 11582 | Gauntlet | Found the +1 robe of Vines {NoPotionHeal Regen++++}
 11582 | Gauntlet | Noticed a minotaur
 11603 | Gauntlet | Killed a minotaur
 11670 | D:11     | Killed Nergalle
 11706 | D:11     | Reached skill level 1 in Shields
 11744 | D:11     | Reached skill level 5 in Evocations
 11759 | D:11     | Reached skill level 5 in Conjurations
 11845 | D:11     | Offered knowledge of Fulminant Prism by Vehumet.
 12177 | D:11     | Reached **** piety under Vehumet
 12190 | D:11     | Learned a level 5 spell: Fireball
 12294 | D:11     | Found the +8 Wrath of Trog {antimagic, *Rage Rampage}
 12605 | D:11     | Found a staircase to the Orcish Mines.
 13084 | D:8      | Identified the +7 quarterstaff of Analysis {flame, *Slow
                  | rN+ Str+5 SInv}
 13197 | Lair:1   | Entered Level 1 of the Lair of Beasts
 13217 | Lair:1   | Offered knowledge of Iskenderun's Mystic Blast by Vehumet.
 13238 | Lair:1   | Learned a level 4 spell: Iskenderun's Mystic Blast
 13354 | Lair:1   | Reached skill level 1 in Fire Magic
 13600 | Lair:1   | Reached XP level 13. HP: 59/65 MP: 3/23
 13941 | Lair:1   | Reached skill level 1 in Translocations
 14567 | Lair:2   | Noticed Sonja
 14579 | Lair:2   | Killed Sonja
 14689 | Lair:2   | Found a hole to the Spider Nest.
 15075 | Lair:3   | You fall into a shaft and drop 2 floors!
 15275 | Lair:3   | Reached skill level 5 in Throwing
 15332 | Lair:3   | Reached skill level 5 in Transmutations
 15448 | Lair:3   | Acquired 743 gold pieces
 15865 | Lair:3   | Identified the +3 chain mail of Recklessness {rElec rC+
                  | Stlth-}
 15960 | Lair:3   | Reached skill level 5 in Long Blades
 16087 | Lair:3   | Found a staircase to the Shoals.
 17012 | Lair:4   | Identified the +11 dagger of the Sneaky Orbs {vorpal, Str+2
                  | Dex+7}
 17498 | Lair:5   | Reached ***** piety under Vehumet
 17542 | Lair:5   | Offered knowledge of Olgreb's Toxic Radiance by Vehumet.
 17585 | Lair:5   | Reached XP level 14. HP: 72/72 MP: 25/25
 17592 | Lair:5   | Learned a level 4 spell: Olgreb's Toxic Radiance
 17744 | Lair:5   | Reached skill level 1 in Poison Magic
 17975 | Lair:6   | Entered Level 6 of the Lair of Beasts
 18139 | Lair:6   | Found a staircase to the Slime Pits.
 18343 | Lair:6   | Found a dark tunnel.
 18364 | Volcano  | Entered a volcano
 18402 | Volcano  | Offered knowledge of Iron Shot by Vehumet.
 18420 | Volcano  | Learned a level 6 spell: Iron Shot
 18944 | Volcano  | Identified the +3 hand axe of Bloodstone {venom, rElec
                  | SInv}
 19176 | Lair:6   | Noticed a dire elephant
 19227 | Lair:6   | Killed a dire elephant
 19973 | Lair:6   | Reached XP level 15. HP: 75/75 MP: 18/28
 20025 | Lair:6   | Offered knowledge of Eringya's Noxious Bog by Vehumet.
 21846 | D:13     | Found a gate to the Vaults.
 22351 | D:14     | Reached skill level 5 in Fire Magic
 22468 | D:14     | Found a runed translucent gate.
 22468 | D:14     | Found a runed translucent gate.
 22468 | D:14     | Found a runed translucent gate.
 22496 | D:14     | Reached skill level 5 in Translocations
 23200 | D:14     | Noticed Boig's ghost (journeyman GrFi)
 23204 | D:14     | Identified the +1 falchion of Durable Tender Mercy {pain,
                  | rPois rN+ MP+9 Dex+2}
 23349 | D:14     | Noticed Jorgrun
 23370 | D:14     | Killed Jorgrun
 23677 | D:14     | Noticed Josephine
 23690 | D:14     | Killed Josephine
 23957 | D:15     | Entered Level 15 of the Dungeon
 24127 | D:15     | Noticed Nessos
 24279 | D:15     | HP: 2/77 [Nessos/arrow (9)]
 24279 | D:15     | Shot with an arrow by Nessos

Illustrated notes

Levels and vault maps discovered:
D:1:      minmay_arrival_up_and_down, layout_basic,
          dreamdust_ecumenical_altar_hidden_monk_grotto, kennysheep_minor_cross,
          kennysheep_pointless_box, minmay_lizard_king
D:2:      layout_loops_ring, grunt_ministairs_9
D:3:      layout_loops_corners, lemuel_tele_altar, elyvilon_altar_1,
          kennysheep_big_empty_room, uniq_robin
D:4:      layout_gridville, nicolae_overflow_crystal_walls, skrybe_limestone_x,
          nicolae_shop_overcharged_wands, uniq_ijyb
D:5:      layout_gridville
D:6:      layout_layer_cave, overflow_temple_1_default, slow_altar_1,
          lemuel_zombie_altar_yredelemnul,
          chequers_temple_overflow_statue_of_worship, uniq_prince_ribbit1,
          uniq_grinder
D:7:      nicolae_BIG_FREAKIN_CUBE, layout_basic,
          grunt_temple_overflow_growth_and_decay, xom_shifter_show, minitemple,
          minmay_temple_entry_slanted, minmay_misc_feat_plants
D:8:      layout_loops_ring, erik_lair_island, serial_glass, glass_columns_a,
          glass_columns_a, enter_bailey_2, special_room [special_room_orc]
D:9:      layout_basic, mainiacjoe_overflow_boulevard, kennysheep_crisscross,
          abandoned_shop, uniq_joseph, uniq_erica, uniq_gastronok
D:10:     layout_basic, nzn_wu_jian_contemplation, muffindrake_ghost_dual_entry,
          serial_shops, kennysheep_mini_moat, uniq_psyche
D:11:     layout_roguey, erik_orc_2, serial_shops, nicolae_stop_n_shop_1,
          gauntlet_entry_generic, kennysheep_generic_room_9, uniq_nergalle,
          uniq_snorg
D:12:     layout_small_grid
D:13:     kennysheep_big_flooded_room, layout_basic, david_vaults_2
D:14:     layout_irregular_city, biasface_ghost_orc_armoury,
          minmay_misc_feat_four_crosses, minmay_fractal_squares_diagonal_5,
          uniq_jorgrun, uniq_josephine
D:15:     grunt_enter_depths_snipers, layout_basic,
          nicolae_kite_square_tiling_tiny,
          ploomutoo_gammafunk_ghost_potion_laboratory, special_room
          [special_room_bee], drop_trap, hex_intersection,
          nicolae_danse_macabre, uniq_nessos, uniq_rupert
Temple:   nicolae_temple_ecumenical_triangle
Lair:1:   beast_lair_carwin_large_3, layout_misc_corridors, grunt_megastairs_1,
          serial_bayou_shore_b, serial_bayou_shore_b
Lair:2:   layout_roguey, nicolae_spider_entry_tight_spaces, uniq_sonja
Lair:3:   layout_loops_ring, minmay_shoals_entry_hut, minmay_lindwurm_lava
Lair:4:   layout_small_grid, serial_rivers, chequers_serial_rivers_large_b,
          chequers_serial_rivers_micro_c, chequers_serial_rivers_micro_b,
          chequers_serial_rivers_micro_e
Lair:5:   layout_hall_layers, infiniplex_staircase_pool
Lair:6:   hangedman_lair_in_review, layout_hall_layers,
          hangedman_lair_caniforms_friends, slime_entry_1,
          nicolae_volcano_entry_batcave

Skill      XL: |  1  2  3  4  5  6  7  8  9 10 11 12 13 14 15 |
---------------+----------------------------------------------+-----
Stealth        | 5 6 7 8 |  8.9
Dodging        | 1 2 3 4 5 6 7 8 |  8.0
Fighting       | 2 3 4 5 6 7 |  7.9
Short Blades   | 2 3 4 5 6 7 8 9 |  9.9
Spellcasting   | 1 2 3 4 5 6 7 8 9 |  9.2
Earth Magic    | 1 2 3 4 5 6 7 8 |  8.1
Evocations     | 1 2 3 4 5 6 7 |  7.3
Throwing       | 2 3 4 5 |  5.5
Conjurations   | 1 2 3 4 5 6 7 |  7.3
Long Blades    | 1 2 3 4 5 6 |  6.7
Transmutations | 2 3 4 5 6 7 |  7.1
Shields        | 1 2 3 |  3.2
Fire Magic     | 1 3 4 5 |  5.1
Translocations | 3 4 5 |  5.2
Poison Magic   | 2 3 |  3.5
Ranged Weapons | |  0.7
Armour         | |  0.9

Action                   |  1- 3 |  4- 6 |  7- 9 | 10-12 | 13-15 || total
-------------------------+-------+-------+-------+-------+-------++-------
Melee: Dagger            |   103 |    38 |       |   283 |   848 ||  1272
       Bite              |    16 |    29 |    93 |   264 |   400 ||   802
       Short sword       |       |    78 |   262 |   376 |       ||   716
       Punch             |       |     1 |     4 |     3 |       ||     8
 Fire: Shortbow          |       |       |     7 |       |       ||     7
Throw: Dart              |       |     5 |     9 |   145 |   133 ||   292
       Boomerang         |       |       |       |    29 |     1 ||    30
 Cast: Stone Arrow       |       |       |     7 |    44 |   163 ||   214
       Olgreb's Toxic Ra |       |       |       |       |    54 ||    54
       Iskenderun's Myst |       |       |       |       |    20 ||    20
       Fireball          |       |       |       |       |    17 ||    17
Evoke: Wand              |       |       |     7 |    16 |     5 ||    28
       Box of beasts     |       |       |       |     1 |     2 ||     3
       Condenser vane    |       |       |       |       |     3 ||     3
       Tin of tremorston |       |       |       |       |     4 ||     4
       Phantom mirror    |       |       |       |       |     2 ||     2
  Use: Scroll            |       |       |       |    32 |     9 ||    41
       Potion            |       |       |       |       |     2 ||     2
 Stab: Sleeping          |    13 |    11 |    14 |     8 |    13 ||    59
       Distracted        |       |       |       |     3 |     3 ||     6
       Invisible         |       |       |       |     1 |       ||     1
Armor: Robe              |    20 |    30 |    69 |   101 |   118 ||   338
       Scale mail        |       |       |       |    45 |       ||    45
Dodge: Dodged            |    59 |    60 |   142 |   451 |   508 ||  1220
Block: Buckler           |       |       |       |   113 |   204 ||   317

Table legend: (Time is in decaauts)
 A = Elapsed time spent in this place.
 B = Non-inter-level travel time spent in this place.
 C = Inter-level travel time spent in this place.
 D = Time resting spent in this place.
 E = Time spent auto-exploring this place.
 F = Levels seen in this place.
 G = Mean time per level.
                   A        B        C        D        E       F      G
               +--------+--------+--------+--------+--------+-----+--------+
         Total |  23659 |  22556 |   1103 |   1432 |  15827 |  25 |  946.4 |
       Dungeon |  15407 |  14691 |    716 |    834 |  10892 |  15 | 1027.1 |
        Temple |     46 |     29 |     17 |      0 |     26 |   1 |   46.0 |
          Lair |   6609 |   6239 |    370 |    148 |   4455 |   6 | 1101.5 |
        Bailey |    414 |    414 |      0 |    123 |     40 |   1 |  414.0 |
       Volcano |    673 |    673 |      0 |    298 |    190 |   1 |  673.0 |
      Gauntlet |    509 |    509 |      0 |     28 |    223 |   1 |  509.0 |
               +--------+--------+--------+--------+--------+-----+--------+

Top non-repeatable levels by time:
  Lair:6: 1928 daAuts
    D:14: 1588 daAuts
     D:7: 1354 daAuts
  Lair:3: 1319 daAuts
     D:6: 1235 daAuts
    D:10: 1160 daAuts
    D:11: 1156 daAuts
     D:8: 1118 daAuts
     D:9: 1113 daAuts
  Lair:2: 1077 daAuts
     D:3: 1036 daAuts
     D:5: 1018 daAuts
     D:4: 1016 daAuts
     D:1: 985 daAuts
     D:2: 925 daAuts
